 Dungeon Crawl Stone Soup version 0.27-a0-1202-ge72e49191c (webtiles) character file.

Game seed: 2296875608708203215

17123 pokeman the Eclecticist (level 12, -1/66 HPs)
             Began as a Deep Elf Hedge Wizard on June 3, 2021.
             Was a Believer of Vehumet.
             Slain by a vampire mosquito (7 damage)
             ... on level 12 of the Dungeon.
             The game lasted 00:43:33 (16409 turns).

pokeman the Eclecticist (Deep Elf Hedge Wizard)    Turns: 16409, Time: 00:43:34

Health: -1/66      AC:  7    Str:  7    XL:     12   Next: 16%
Magic:  22/34      EV: 16    Int: 25    God:    Vehumet [**....]
Gold:   549        SH:  0    Dex: 14    Spells: 30/43 levels left

rFire    . . .     SeeInvis .   u - +7 trident of Rutrec {flame, rC+}
rCold    + + .     Faith    .   (no shield)
rNeg     . . .     Spirit   .   S - +1 leather armour {rPois}
rPois    +         Reflect  .   c - +0 hat
rElec    .         Harm     .   (no cloak)
rCorr    .         Rampage  .   o - +0 pair of gloves
Will     +....                  f - +0 pair of boots
Stlth    ++........             U - amulet of magic regeneration
HPRegen  0.21/turn              z - ring of protection from cold
MPRegen  0.49/turn              B - +4 ring of evasion

@: no status effects
A: no striking features
a: Renounce Religion


You were on level 12 of the Dungeon.
You worshipped Vehumet.
Vehumet was pleased with you.
You visited 2 branches of the dungeon, and saw 13 of its levels.

You collected 620 gold pieces.
You spent 71 gold pieces at shops.

Inventory:

Hand Weapons
 p - a +0 flail of venom
 q - a +1 dagger of chaos
 u - the +7 trident of Rutrec (weapon) {flame, rC+}
   (You found it on level 4 of the Dungeon)

   It has been specially enchanted to burn those struck by it, causing extra
   injury to most foes and up to half again as much damage against particularly
   susceptible opponents.
   It protects you from cold.
 J - a +0 shortbow
 M - a +0 hand crossbow
Missiles
 d - 133 bolts
 n - 262 arrows
Armour
 b - a +2 robe of the Archmagi
 c - a +0 hat (worn)
 f - a +0 pair of boots (worn)
 o - a +0 pair of gloves (worn)
 N - a +2 robe of fire resistance
 S - a +1 leather armour of poison resistance (worn)
Jewellery
 t - a +6 ring of strength
 z - a ring of protection from cold (left hand)
 B - a +4 ring of evasion (right hand)
 H - a ring of willpower
 O - a ring of protection from cold
 U - an amulet of magic regeneration (around neck)
Wands
 x - a wand of iceblast (10)
 D - a wand of digging (6)
Scrolls
 a - 3 scrolls of magic mapping
 e - a scroll of torment {unknown}
 g - a scroll of blinking {unknown}
 h - 12 scrolls of teleportation {unknown}
 i - 3 scrolls of holy word {unknown}
 j - 10 scrolls of identify
 m - 2 scrolls of enchant armour {unknown}
 v - 2 scrolls of amnesia {unknown}
 y - a scroll of vulnerability {unknown}
 C - 3 scrolls of fear {unknown}
 G - 3 scrolls of fog {unknown}
 L - a scroll of summoning {unknown}
Potions
 k - 4 potions of heal wounds
 l - 4 potions of flight {unknown}
 r - 4 potions of brilliance {unknown}
 s - 3 potions of resistance {unknown}
 w - a potion of lignification {unknown}
 A - 2 potions of curing
 E - 2 potions of degeneration {unknown}
 F - a potion of invisibility {unknown}
 I - a potion of cancellation {unknown}
 K - 4 potions of attraction {unknown}
 P - a potion of magic {unknown}
 Q - a potion of might {unknown}
 R - 2 potions of ambrosia {unknown}
Miscellaneous
 T - a phantom mirror


   Skills:
 - Level 4.0 Fighting
 + Level 6.0 Armour
 - Level 3.0 Dodging
 - Level 3.0 Stealth
 * Level 16.0 Spellcasting
 + Level 9.9 Conjurations
 - Level 1.1 Summonings
 - Level 1.1 Translocations
 + Level 9.4 Fire Magic
 - Level 1.0 Air Magic
 - Level 1.1 Poison Magic
 - Level 1.0 Evocations


You had 30 spell levels left.
You knew the following spells:

 Your Spells              Type           Power      Damage    Failure   Level
a - Magic Dart            Conj           100%       1d8       1%          1
b - Mephitic Cloud        Conj/Pois/Air  40%        N/A       2%          3
c - Call Imp              Summ           25%        N/A       3%          2
d - Blink                 Tloc           N/A        N/A       3%          2
e - Conjure Flame         Conj/Fire      62%        6-21      1%          3
f - Foxfire               Conj/Fire      100%       2x1d9     1%          1
g - Shock                 Conj/Air       100%       1d9       1%          1

Your spell library contained the following spells:

 Spells                   Type           Power      Damage    Failure   Level
 Dazzling Flash           Conj/Hex       88%        N/A       1%          3
 Animate Skeleton         Necr           40%        N/A       3%          1
 Pain                     Necr           80%        1d8       3%          1
 Slow                     Hex            20%        N/A       5%          2
 Vampiric Draining        Necr           10%        2d7       11%         3
 Animate Dead             Necr           10%        N/A       36%         4
 Agony                    Necr           20%        N/A       71%         5


Dungeon Overview and Level Annotations

Branches:
Dungeon (12/15)            Temple (1/1) D:7            Lair (0/6) D:11
    Orc: D:9-12

Altars:
Cheibriados
Elyvilon
Fedhas
Gozag
Kikubaaqudgha
Qazlal
Ru
Sif Muna
Vehumet
Xom
Yredelemnul
The Shining One

Shops:
D:2 *?*:(   D:3 [   D:5 =*   D:8 *

Portals:
Trove: D:11 (give +3 shadow dragon scales)


Message History

You blink.
Aiming: Iceblast
Press: ? - help, Shift-Dir - straight line, f - vampire mosquito
Aim: a vampire mosquito (lightly damaged)
The mass of ice explodes!
The iceblast engulfs the vampire mosquito.
The vampire mosquito is moderately damaged.
The iceblast engulfs the vampire mosquito!
The vampire mosquito is moderately damaged.
Unknown command.
Unknown command.
Aiming: Iceblast
Press: ? - help, Shift-Dir - straight line, p - vampire mosquito The mass of ice explodes!
The iceblast engulfs the vampire mosquito!
The vampire mosquito is almost destroyed.
The iceblast engulfs the vampire mosquito!
The vampire mosquito is almost destroyed.
The vampire mosquito bites you.
* * * LOW HITPOINT WARNING * * *
The vampire mosquito draws strength from your injuries!
The vampire mosquito barely misses you.
The vampire mosquito closely misses you.
Unknown command.
Casting: Blink (safe; 3% risk of failure)
Confirm with . or Enter, or press ? or * to list all spells.
You blink.
The vampire mosquito bites you!
* * * LOW HITPOINT WARNING * * *
The vampire mosquito draws strength from your injuries!
The vampire mosquito bites you but does no damage.
The vampire mosquito bites you.
* * * LOW HITPOINT WARNING * * *
The vampire mosquito draws strength from your injuries!
The vampire mosquito closely misses you.
Casting: Blink (safe; 3% risk of failure)
Confirm with . or Enter, or press ? or * to list all spells.
You blink.
The vampire mosquito closely misses you.
The vampire mosquito bites you!
You die...

. #........# . #........#
# #####...##############
####.##.....#..#..#.#..#
#......................#
#...........5...<......#
#......................#
#..).........ยง.y.......#
#..#.#..#..##..y@.#...##
#######################


You could see 2 vampire mosquitoes and a friendly white imp (summoned).

Vanquished Creatures
  Josephine (D:10)
  Snorg (D:11)
  A tengu warrior (D:10)
  3 two-headed ogres
  Erica (D:10)
  Pikel (D:4)
  A manticore (D:11)
  A gargoyle (D:11)
  A guardian mummy (D:11)
  A troll (D:11)
  3 wyverns
  5 wraiths
  A shadow (D:9)
  A steam dragon (D:7)
  2 basilisks (D:11)
  27 yaks
  Edmund (D:6)
  2 acid dragons
  5 water moccasins
  An ice beast (D:7)
  An orc warrior (D:10)
  A black bear (D:6)
  3 ogres
  8 centaurs
  3 lemures
  A kobold brigand (D:9)
  A bullfrog (D:9)
  3 scorpions
  22 killer bees
  6 wights
  3 howler monkeys
  4 crimson imps (D:3)
  2 bullfrog zombies (D:6)
  5 centaur zombies
  2 centaur skeletons
  2 orc priests (D:7)
  2 bullfrog skeletons
  4 hounds
  An iguana (D:5)
  2 jellies
  A gnoll shaman (D:7)
  Ijyb (D:5)
  7 orc wizards
  Terence (D:2)
  A killer bee zombie (D:6)
  A hound zombie (D:5)
  4 howler monkey zombies
  9 gnolls (D:7)
  6 adders
  A shadow imp (D:5)
  A white imp (D:6)
  2 worms
  3 dart slugs
  23 orcs
  12 ball pythons
  7 bats
  4 endoplasms
  A giant cockroach (D:2)
  6 hobgoblins
  13 jackals
  12 kobolds
  5 quokkas
  2 frilled lizards
  5 goblins
  4 rats
268 creatures vanquished.

Vanquished Creatures (collateral kills)
  A water moccasin (D:7)
  A howler monkey zombie (D:7)
2 creatures vanquished.

Vanquished Creatures (others)
  A queen bee (D:11)
  A killer bee (D:11)
  277 foxfires
  5 plants (D:7)
284 creatures vanquished.

Grand Total: 554 creatures vanquished

Notes
Turn   | Place    | Note
-------+----------+-------------------------------------------
     0 | D:1      | pokeman the Deep Elf Hedge Wizard began the quest for the
                  | Orb.
     0 | D:1      | Reached XP level 1. HP: 10/10 MP: 7/7
   340 | D:1      | Reached XP level 2. HP: 15/15 MP: 4/9
   781 | D:1      | Reached skill level 5 in Spellcasting
   933 | D:1      | Reached XP level 3. HP: 20/20 MP: 6/11
   937 | D:1      | Learned a level 3 spell: Mephitic Cloud
   940 | D:1      | Learned a level 2 spell: Call Imp
   943 | D:1      | Learned a level 2 spell: Blink
   947 | D:1      | Learned a level 3 spell: Conjure Flame
  1438 | D:2      | Noticed Terence
  1729 | D:2      | Reached skill level 1 in Fighting
  1837 | D:2      | Found Pulyubb's General Store.
  1933 | D:2      | Killed Terence
  1934 | D:2      | Reached skill level 1 in Armour
  1934 | D:2      | Reached XP level 4. HP: 25/25 MP: 4/13
  2264 | D:2      | Found a faded altar of an unknown god.
  2337 | D:2      | Found Qujan's Magic Scroll Shop.
  2344 | D:2      | Bought a scroll of identify for 26 gold pieces
  2426 | D:2      | Found Janil's Assorted Antiques.
  2533 | D:2      | Found Cesacank's Book Boutique.
  2535 | D:2      | Found Awog Ceo's Antique Weapon Shoppe.
  3012 | D:3      | Found a shimmering altar of Xom.
  3613 | D:3      | Reached skill level 6 in Spellcasting
  3613 | D:3      | Reached skill level 1 in Fire Magic
  3613 | D:3      | Reached XP level 5. HP: 15/29 MP: 1/15
  4515 | D:3      | Reached skill level 1 in Air Magic
  4567 | D:3      | Found Naashix's Armour Boutique.
  4664 | D:3      | Reached XP level 6. HP: 29/34 MP: 7/17
  4813 | D:2      | Bought a scroll of magic mapping for 45 gold pieces
  5193 | D:4      | Reached skill level 7 in Spellcasting
  5193 | D:4      | Reached skill level 1 in Poison Magic
  5286 | D:4      | Noticed Pikel
  5780 | D:4      | Killed Pikel
  5781 | D:4      | Reached skill level 8 in Spellcasting
  5781 | D:4      | Reached XP level 7. HP: 32/40 MP: 13/21
  5851 | D:4      | Identified the +7 trident of Rutrec {flame, rC+}
  6351 | D:5      | Entered Level 5 of the Dungeon
  6719 | D:5      | Reached XP level 8. HP: 45/45 MP: 17/22
  6746 | D:5      | Found Zoapavvug's Assorted Antiques.
  6841 | D:5      | Reached skill level 9 in Spellcasting
  7268 | D:5      | Found Wengoacs's Jewellery Shoppe.
  7788 | D:5      | Noticed Ijyb
  7800 | D:5      | Killed Ijyb
  7919 | D:6      | Found an ancient bone altar of Kikubaaqudgha.
  8094 | D:6      | Reached skill level 5 in Conjurations
  8135 | D:6      | Reached skill level 10 in Spellcasting
  8832 | D:6      | Noticed Edmund
  8845 | D:6      | Killed Edmund
  8846 | D:6      | Reached XP level 9. HP: 46/49 MP: 20/25
  8933 | D:6      | Found a stormy altar of Qazlal.
  9184 | D:7      | Found an opulent altar of Gozag.
  9304 | D:7      | Reached skill level 5 in Fire Magic
  9403 | D:7      | Reached skill level 11 in Spellcasting
  9548 | D:7      | Found a glowing golden altar of the Shining One.
 10134 | D:7      | Found a staircase to the Ecumenical Temple.
 10144 | Temple   | Entered the Ecumenical Temple
 10150 | Temple   | Became a worshipper of Vehumet
 10177 | D:7      | You fall into a shaft and drop 2 floors!
 10298 | D:9      | Reached skill level 12 in Spellcasting
 10461 | D:9      | Reached XP level 10. HP: 50/56 MP: 19/28
 10713 | D:8      | Found Lonawim's Lightly-Used Armoury.
 10776 | D:8      | Noticed a two-headed ogre
 10783 | D:8      | Noticed a two-headed ogre
 10820 | D:8      | Killed a two-headed ogre
 10821 | D:8      | Reached skill level 13 in Spellcasting
 10832 | D:8      | Killed a two-headed ogre
 11369 | D:9      | Reached * piety under Vehumet
 11369 | D:9      | Offered knowledge of Shock by Vehumet.
 11382 | D:9      | Learned a level 1 spell: Shock
 11428 | D:9      | Reached skill level 1 in Evocations
 11474 | D:9      | Reached skill level 14 in Spellcasting
 11474 | D:9      | Reached XP level 11. HP: 12/61 MP: 14/31
 12264 | D:9      | Found a snail-covered altar of Cheibriados.
 12319 | D:10     | Entered Level 10 of the Dungeon
 12336 | D:10     | Noticed Josephine
 12350 | D:10     | HP: 1/59 [acid (10)]
 12649 | D:10     | Found a sacrificial altar of Ru.
 12649 | D:10     | Noticed Erica
 12993 | D:10     | Noticed a tengu warrior
 13000 | D:10     | Reached ** piety under Vehumet
 13004 | D:10     | Offered knowledge of Foxfire by Vehumet.
 13020 | D:10     | Killed a tengu warrior
 13040 | D:10     | Learned a level 1 spell: Foxfire
 13180 | D:10     | Killed Erica
 13181 | D:10     | Reached skill level 5 in Armour
 13426 | D:10     | Killed Josephine
 13449 | D:10     | Reached skill level 15 in Spellcasting
 14181 | D:11     | Found a staircase to the Lair.
 14338 | D:11     | Noticed Snorg
 14406 | D:11     | Offered knowledge of Dazzling Flash by Vehumet.
 15220 | D:11     | Noticed a two-headed ogre
 15230 | D:11     | Killed a two-headed ogre
 15231 | D:11     | Reached XP level 12. HP: 15/66 MP: 20/33
 15537 | D:11     | Killed Snorg
 15538 | D:11     | Reached skill level 16 in Spellcasting
 15878 | D:11     | Found a portal to a secret trove of treasure.
 16409 | D:12     | Slain by a vampire mosquito

Illustrated notes

Levels and vault maps discovered:
D:1:      lightli_arrival_windingriver, layout_rooms
D:2:      layout_basic, serial_shops, shop_statue, shop, shop, shop, shop,
          hellmonk_ecumenical_altar_arch_garden, kennysheep_generic_room_6,
          uniq_terence
D:3:      layout_basic, led_xom_imps, serial_shops, shop
D:4:      layout_loops_cross, minmay_statues_item, grunt_decor_resistance,
          uniq_pikel
D:5:      layout_basic, serial_shops, shop_statue,
          nicolae_shop_overgrown_old_shop, minmay_hedge_maze,
          uniq_crazy_yiuf_cottage, uniq_ijyb
D:6:      layout_loops_ring, nicolae_qazlal_scattered_showers,
          lemuel_round_altar, grunt_ministairs_3, corner_web_ring, uniq_edmund
D:7:      layout_rooms, tso_oasis_becter, minmay_temple_entry_poolview,
          hangedman_feature_mirror
D:8:      layout_rooms, minmay_shop_damaged
D:9:      layout_basic, cheibrodos_worm_habitat, kennysheep_generic_room_2
D:10:     layout_rooms, lemuel_tele_altar, serial_co_window_serial,
          co_window_of_opportunity_a, co_window_of_opportunity_a,
          co_window_paths_a, co_window_corner_a, co_window_paths_a,
          co_window_paths_a, co_window_paths_c, co_window_corner_cb,
          co_window_2corner, co_window_2corner, glass_columns_a,
          glass_columns_a, glass_columns_b, glass_columns_b, glass_columns_b,
          moated_statue, uniq_josephine, uniq_erica
D:11:     minmay_spotlight, layout_basic, david_lair_generic,
          nicolae_trove_entry_path_of_doom, chequers_arboretum, minivault_7,
          uniq_snorg
D:12:     layout_gridville, minmay_orc_entry_guard_dogs,
          onia_ninara_dug_in_and_dangerous
Temple:   compressed_dpeg_circular_temple

Skill      XL: |  1  2  3  4  5  6  7  8  9 10 11 12 |
---------------+-------------------------------------+-----
Spellcasting   | 5 6 8 10 12 14 15 16 | 16.0
Fighting       | 1 2 3 4 |  4.0
Armour         | 1 3 4 5 6 |  6.0
Conjurations   | 2 3 4 5 7 8 9 |  9.9
Dodging        | 3 |  3.0
Fire Magic     | 1 2 3 4 6 7 9 |  9.4
Stealth        | 3 |  3.0
Air Magic      | 1 |  1.0
Poison Magic   | 1 |  1.1
Evocations     | 1 |  1.0
Summonings     | |  1.1
Translocations | |  1.1

Action                   |  1- 3 |  4- 6 |  7- 9 | 10-12 || total
-------------------------+-------+-------+-------+-------++-------
Melee: Dagger            |     9 |     6 |       |       ||    15
       Flail             |       |    45 |       |       ||    45
       Trident           |       |       |   124 |   156 ||   280
 Cast: Magic Dart        |    96 |   154 |   169 |    13 ||   432
       Conjure Flame     |     4 |     2 |    30 |    56 ||    92
       Mephitic Cloud    |     3 |     2 |    13 |    43 ||    61
       Call Imp          |     1 |       |     4 |    13 ||    18
       Blink             |       |     2 |     4 |     7 ||    13
       Shock             |       |       |       |    38 ||    38
       Foxfire           |       |       |       |   152 ||   152
Evoke: Wand              |       |       |       |     9 ||     9
 Stab: Sleeping          |     1 |       |     3 |       ||     4
       Confused          |       |     2 |     4 |     7 ||    13
Armor: Robe              |     3 |    25 |       |       ||    28
       Leather armour    |       |     5 |    13 |    49 ||    67
Dodge: Dodged            |    15 |    57 |    87 |   189 ||   348

Table legend: (Time is in decaauts)
 A = Elapsed time spent in this place.
 B = Non-inter-level travel time spent in this place.
 C = Inter-level travel time spent in this place.
 D = Time resting spent in this place.
 E = Time spent auto-exploring this place.
 F = Levels seen in this place.
 G = Mean time per level.
                   A        B        C        D        E       F      G
               +--------+--------+--------+--------+--------+-----+--------+
         Total |  16537 |  15848 |    689 |   2081 |  11287 |  13 | 1272.1 |
       Dungeon |  16524 |  15840 |    684 |   2081 |  11287 |  12 | 1377.0 |
        Temple |     12 |      7 |      5 |      0 |      0 |   1 |   12.0 |
               +--------+--------+--------+--------+--------+-----+--------+

Top non-repeatable levels by time:
     D:3: 2505 daAuts
    D:11: 2319 daAuts
     D:9: 1878 daAuts
     D:2: 1642 daAuts
     D:5: 1556 daAuts
    D:10: 1271 daAuts
     D:1: 1248 daAuts
     D:6: 1160 daAuts
     D:7: 1126 daAuts
     D:4: 976 daAuts
     D:8: 774 daAuts
    D:12: 64 daAuts
  Temple: 12 daAuts
